 Dungeon Crawl Stone Soup version 0.21.3-3-g218456f21e (webtiles) character file.

1304 BrokenGlass the Covert (level 8, 0/58 HPs)
             Began as an Octopode Monk on Apr 18, 2023.
             Was a Follower of Uskayaw.
             Slain by a slave (4 damage)
             ... led by Pikel
             ... on level 5 of the Dungeon.
             The game lasted 00:21:12 (6500 turns).

BrokenGlass the Covert (Octopode Monk)              Turns: 6500, Time: 00:21:12

Health: 0/58       AC:  1    Str: 13    XL:     8   Next: 57%
Magic:  6/12       EV: 14    Int: 12    God:    Uskayaw [*.....]
Gold:   329        SH:  0    Dex: 14    Spells: 7/7 levels left

rFire    + . .     SeeInvis .     - Unarmed
rCold    . . .     Gourm    .   (no shield)
rNeg     . . .     Faith    .   (helmet restricted)
rPois    .         Spirit   .   (no amulet)
rElec    .         Reflect  .   n - ring of protection from fire
rCorr    .         Harm     .   (no ring)
MR       .....                  (no ring)
Stlth    +++++.....             (no ring)
HPRegen  0.19/turn              (no ring)
MPRegen  0.13/turn              (no ring)
                                (no ring)
                                (no ring)

@: no status effects
A: almost no armour, stealthy swim, amphibious, 8 rings, constrict 8, camouflage
1, gelatinous body 1
a: Stomp, Renounce Religion


You were on level 5 of the Dungeon.
You worshipped Uskayaw.
Uskayaw was noncommittal.
You were very hungry.

You visited 1 branch of the dungeon, and saw 5 of its levels.

You collected 329 gold pieces.

Inventory:

Hand Weapons
 a - a +0 dagger
Missiles
 i - a tomahawk
 r - 148 stones (quivered)
Jewellery
 g - an uncursed ring of ice
 n - a ring of protection from fire (left tentacle)
Scrolls
 d - 7 scrolls of remove curse
 e - 2 scrolls of teleportation
 j - 3 scrolls of magic mapping
 m - 2 scrolls of blinking {unknown}
 o - 2 scrolls of enchant weapon {unknown}
 p - a scroll of identify
 q - a scroll of fear {unknown}
Potions
 b - 2 potions of heal wounds
 c - a potion of invisibility {unknown}
 f - a potion of magic
 k - a potion of brilliance
 l - a potion of cancellation
 s - a potion of flight
Comestibles
 h - 8 rations


   Skills:
 * Level 6.3 Fighting
 - Level 3.0 Dodging
 - Level 9.2 Stealth
 + Level 3.3 Unarmed Combat
 + Level 5.8 Invocations


You had 7 spell levels left.
You didn't know any spells.

Dungeon Overview and Level Annotations

Branches:
Dungeon (5/15)
 Temple: D:4-7

Altars:
Ashenzari
Dithmenos
Gozag
Kikubaaqudgha
Sif Muna
Trog
Uskayaw

Annotations:
D:3 BrokenGlass's ghost, amateur OpMo
D:5 Menkaure; Pikel


Innate Abilities, Weirdness & Mutations

You cannot wear most types of armour.
You are very stealthy in the water. (Stealth+)
You are amphibious.
You can wear up to eight rings at the same time.
You can use your tentacles to constrict eight enemies at once.
Your skin changes colour to match your surroundings (Stealth+).
Your rubbery body absorbs attacks. (AC +1, EV +1)


Message History

You stomp with the beat, sending a shockwave through the revelers around you!
The slave is heavily wounded.
The slave is moderately wounded.
Pikel is severely wounded.
You are feeling very hungry.
You constrict Pikel, but do no damage.
Pikel is no longer paralysed.
Pikel says, "It's all about the gold, really."
Pikel closely misses you.
An ice beast comes into view.
Unknown command.
Unknown command.
You stomp with the beat, sending a shockwave through the revelers around you!
The slave is severely wounded. x2
Pikel is almost dead.
You feel somewhat more hungry.
You can no longer pass through a line of other dancers.
You constrict Pikel.
The slave is no longer paralysed. x3; The slave hits you!
* * * LOW HITPOINT WARNING * * *
Pikel closely misses you. The slave hits you.
You die...

#######.# ##......# ....
##.####.# #... ....##
#..# .###.###########..#
.# #......... ....#####
.###.######## #...#...
....## #...#.# .#.##
#.@p5.### .#.#
##K#p...... .#.#
####.p.{.##### .#.#
#...!....# .#.#
#.##...#.######
..>########.###.)).......
............# ####Y######
.).########## ...
.#...(... .###


You could see Pikel, an ice beast (wandering), 3 slaves and a shadow imp
(paralysed).

Vanquished Creatures
  The ghost of BrokenGlass the Insei, an amateur OpMo (D:4)
  Edmund (D:4)
  A phantom (D:4)
  4 ogres
  4 orc priests
  Crazy Yiuf (D:2)
  A gnoll shaman (D:5)
  8 orc wizards
  2 worker ants
  A hound zombie (D:5)
  A gnoll (D:5)
  8 adders
  3 oozes
  3 adder skeletons
  A worm (D:2)
  2 dart slugs
  4 leopard geckos
  13 orcs
  A ball python (D:5)
  4 bats
  7 giant cockroaches
  5 hobgoblins
  3 quokkas
  8 frilled lizards
  8 goblins
  2 kobolds (D:3)
  A quokka skeleton (D:5)
  11 rats
109 creatures vanquished.

Notes
Turn   | Place    | Note
-------+----------+-------------------------------------------
     0 | D:1      | BrokenGlass the Octopode Monk began the quest for the Orb.
     0 | D:1      | Reached XP level 1. HP: 16/16 MP: 1/1
    79 | D:1      | Reached skill level 3 in Stealth
   238 | D:1      | Reached XP level 2. HP: 19/21 MP: 2/2
   273 | D:1      | Reached skill level 4 in Stealth
   675 | D:1      | Reached XP level 3. HP: 26/26 MP: 3/3
   974 | D:2      | Reached skill level 5 in Stealth
  1256 | D:2      | Found a runed door.
  1283 | D:2      | Reached XP level 4. HP: 24/31 MP: 4/4
  1285 | D:2      | Reached skill level 6 in Stealth
  1895 | D:2      | Noticed Crazy Yiuf
  1905 | D:2      | Killed Crazy Yiuf
  1905 | D:2      | Reached skill level 7 in Stealth
  1905 | D:2      | Reached XP level 5. HP: 13/36 MP: 5/5
  2202 | D:3      | Noticed BrokenGlass's ghost (amateur OpMo)
  2511 | D:3      | Found a hide-covered altar of Uskayaw.
  2556 | D:3      | Became a worshipper of Uskayaw the Reveler
  2556 | D:3      | Reached * piety under Uskayaw
  2860 | D:3      | Found a shattered altar of Ashenzari.
  2861 | D:3      | Found a shadowy altar of Dithmenos.
  2862 | D:3      | Found a deep blue altar of Sif Muna.
  2881 | D:3      | Found an opulent altar of Gozag.
  3087 | D:3      | Reached skill level 8 in Stealth
  3278 | D:4      | Noticed Edmund
  3282 | D:4      | Noticed an ogre
  3285 | D:4      | Reached ** piety under Uskayaw
  3290 | D:4      | Reached *** piety under Uskayaw
  3291 | D:4      | Killed Edmund
  3291 | D:4      | Reached skill level 9 in Stealth
  3291 | D:4      | Reached XP level 6. HP: 13/42 MP: 0/6
  3380 | D:4      | Noticed BrokenGlass's ghost (amateur OpMo)
  3476 | D:4      | Reached skill level 1 in Invocations
  3571 | D:4      | Reached XP level 7. HP: 8/48 MP: 8/8
  3610 | D:4      | HP: 1/48 [something/puff of flame (12)]
  4602 | D:5      | Entered Level 5 of the Dungeon
  4655 | D:5      | Noticed Menkaure
  4810 | D:4      | Killed BrokenGlass's ghost
  4810 | D:4      | Reached skill level 5 in Fighting
  5453 | D:4      | Reached XP level 8. HP: 57/57 MP: 10/10
  5453 | D:4      | Reached **** piety under Uskayaw
  5928 | D:5      | Reached skill level 5 in Invocations
  6246 | D:5      | Found an ancient bone altar of Kikubaaqudgha.
  6305 | D:5      | Found a bloodstained altar of Trog.
  6484 | D:5      | Noticed Pikel
  6500 | D:5      | Slain by a slave

Skill      XL: |  1  2  3  4  5  6  7  8 |
---------------+-------------------------+-----
Stealth        | 3 4 5 7 9 |  9.2
Invocations    | 1 3 5 |  5.8
Fighting       | 4 5 6 |  6.3
Dodging        | |  3.0
Unarmed Combat | |  3.3

Action                   |  1- 3 |  4- 6 |  7- 9 || total
-------------------------+-------+-------+-------++-------
Melee: Unarmed           |    65 |   106 |   177 ||   348
       Constrict         |    18 |    23 |    31 ||    72
       Tentacles         |    14 |    17 |    48 ||    79
       Punch             |     1 |     4 |     6 ||    11
Throw: Stone             |       |       |     5 ||     5
Invok: Stomp             |       |       |     6 ||     6
       Line Pass         |       |       |     2 ||     2
Evoke: Wand              |       |     3 |     6 ||     9
  Use: Potion            |       |     1 |     2 ||     3
       Scroll            |       |       |     8 ||     8
 Stab: Sleeping          |     8 |    14 |     7 ||    29
       Paralysed         |       |     7 |    20 ||    27
       Distracted        |       |       |     2 ||     2
       Confused          |       |       |     1 ||     1
  Eat: Chunk             |     1 |     7 |     3 ||    11
       Ration            |       |       |     2 ||     2
Armor: Skin              |     2 |     6 |     6 ||    14
Dodge: Dodged            |    37 |    51 |   110 ||   198
